 Seeded DCSS version 0.31.0-4-g52a2dc7128 (webtiles) character file.

Game seed: 2 (custom seed)

2531 Kazon the Sneak (level 9, 0/59 HPs)
             Began as an Octopode Gladiator on Jan 20, 2024.
             Was a Follower of Okawaru.
             Slain by an orc
             ... wielding a +0 trident
              (9 damage)
             ... in a bailey on Jan 22, 2024.
             The game lasted 00:22:41 (4012 turns).

Kazon the Sneak (Octopode Gladiator)                Turns: 4012, Time: 00:22:42

Health: 0/59       AC:  5    Str: 13    XL:     9   Next: 55%
Magic:  0/11       EV: 21    Int: 11    God:    Okawaru [*.....]
Gold:   279        SH:  7    Dex: 23    Spells: 8/8 levels left

rFire   . . .        e - +0 dagger (venom)
rCold   + . .        c - +0 buckler
rNeg    . . .        b - +0 hat
rPois   +            j - amulet of guardian spirit
rElec   .            l - +4 ring of slaying
rCorr   +            o - +4 ring of protection
SInv    .            E - +6 ring of dexterity
Will    .....        F - ring of poison resistance
Stlth   +++++++      u - ring of resist corrosion
HPRegen 0.29/turn    L - ring of protection from cold
MPRegen 0.12/turn    (no ring)
                     (no ring)

%: guardian spirit
@: heroic
A: almost no armour, amphibious, 8 rings, camouflage 1, gelatinous body 1,
(nimble swimmer 1), tentacles
a: Renounce Religion, Heroism


You were in a bailey.
You worshipped Okawaru.
Okawaru was aware of your devotion.
You visited 2 branches of the dungeon, and saw 8 of its levels.
You also visited: Ossuary and Bailey.

You collected 279 gold pieces.

Inventory:

Hand Weapons
 a - a +0 rapier
 e - a +0 dagger of venom (weapon)
Missiles
 d - a javelin
 f - 10 stones
 p - 8 poisoned darts (quivered)
 D - 3 throwing nets
Armour
 b - a +0 hat (worn)
 c - a +0 buckler (worn)
 w - an orb of mayhem
Jewellery
 j - an amulet of guardian spirit (around mantle)
 l - a +4 ring of slaying (left tentacle)
 o - a +4 ring of protection (right tentacle)
 u - a ring of resist corrosion (on tentacle)
 E - a +6 ring of dexterity (on tentacle)
 F - a ring of poison resistance (on tentacle)
 L - a ring of protection from cold (on tentacle)
Talismans
 y - a serpent talisman
Wands
 M - a wand of light (11)
Scrolls
 g - 2 scrolls of immolation {unknown}
 h - a scroll of poison {unknown}
 n - 5 scrolls of teleportation {unknown}
 q - 2 scrolls of identify
 r - 2 scrolls of enchant armour {unknown}
 t - 3 scrolls of vulnerability {unknown}
 v - 2 scrolls of noise {unknown}
 H - 3 scrolls of torment {unknown}
Potions
 i - a potion of enlightenment
 k - 3 potions of mutation {unknown}
 m - 3 potions of might
 s - 2 potions of attraction {unknown}
 x - a potion of brilliance
 z - 2 potions of cancellation
 A - 2 potions of curing {unknown}
 B - a potion of resistance {unknown}
 C - 3 potions of heal wounds {unknown}
 G - a potion of berserk rage {unknown}
 I - 2 potions of lignification {unknown}
 J - 2 potions of haste {unknown}
 K - a potion of ambrosia {unknown}


   Skills:
 * Level 4.6(9.6) Fighting
 * Level 7.3(12.3) Short Blades
 * Level 4.5(9.5) Throwing
 * Level 5.1(10.1) Dodging
 + Level 7.5(12.5) Stealth
 * Level 2.7(7.7) Shields
 * Level 2.7 Invocations
 * Level 3.1 Shapeshifting


You had 8 spell levels left.
You didn't know any spells.
Your spell library contained the following spells:

 Spells                   Type           Power      Damage    Failure   Level
 Apportation              Tloc           0%         N/A       41%         1
 Jinxbite                 Hex            0%         N/A       56%         2
 Manifold Assault         Tloc           0%         N/A       99%         4
 Alistair's Intoxication  Alch           0%         N/A       100%        5
 Dispersal                Tloc           0%         N/A       100%        6
 Disjunction              Tloc           0%         N/A       100%        8


Dungeon Overview and Level Annotations

Branches:
Dungeon (7/15)             Temple (1/1) D:5         Ossuary (visited)
 Bailey (1/1)

Altars:
Ashenzari
Cheibriados
Dithmenos
Elyvilon
Fedhas
Gozag
Hepliaklqana
Makhleb
Nemelex Xobeh
Okawaru
Qazlal
Ru
Sif Muna
Trog
Uskayaw
Vehumet
Wu Jian
Xom
Yredelemnul
Zin
The Shining One

Shops:
D:2 (   D:3 (

Annotations:
Bailey 2 runed translucent doors


Innate Abilities, Weirdness & Mutations

You cannot wear most types of armour.
You are amphibious.
You can wear up to eight rings at the same time.
Your skin changes colour to match your surroundings (Stealth+).
Your rubbery body absorbs attacks. (AC +1, EV +1)
((You are camouflaged when in or above water. (Stealth+)))
You have tentacles for arms and can constrict up to eight enemies at once.


Message History

The orc knight looks as sick as possible!
The orc knight is lightly wounded.
Things that are here:
a +0 halberd; a +0 scale mail; an orc corpse The orc knight attacks as it pursues you!
The orc knight hits you from afar with a +0 glaive.
Things that are here:
a +0 spear; a +0 chain mail You hit the orc knight.
The orc knight looks as sick as possible!
You grab the orc knight.
The orc knight is moderately wounded.
You constrict the orc knight, but do no damage.
The orc knight hits you with a +0 glaive!
You hit the orc knight.
The orc knight looks as sick as possible!
The orc knight is moderately wounded.
You constrict the orc knight, but do no damage.
The orc knight hits you with a +0 glaive!
You hit the orc knight.
The orc knight is moderately wounded.
You constrict the orc knight.
An orc comes into view. It is wielding a +0 spear.
You hit the orc knight.
The orc knight looks as sick as possible!
You tentacle-slap the orc knight. You squeeze the orc knight!
The orc knight is heavily wounded.
You constrict the orc knight.
The orc hits you from afar with a +0 trident!
* * * LOW HITPOINT WARNING * * *
The orc knight hits you with a +0 glaive!
* * * LOW HITPOINT WARNING * * *
You gain the combat prowess of a mighty hero.
You constrict the orc knight, but do no damage.
The orc misses you. You block the orc knight's attack.
You hit the orc knight but do no damage.
The orc knight is severely wounded.
You constrict the orc knight.
The orc hits you from afar with a +0 trident!
You die...

♣♣≈≈≈≈≈♣♣♣..##
#♣.≈≈≈≈≈♣♣....#
#...≈≈≈≈≈♣..####
##.♣..≈≈≈≈♣..#$.##########.
#.....≈≈≈≈...#.....o.......
...♣..≈≈≈≈.♣.##....(((.....
......≈≈≈≈....#o.########..
.....######...#o8# ...#
..........[...#.@# ....#
..............'..# ##e.+o.
..............'..# ..+..
..............#.)# .#..
.....######...#.8# ##8.
...♣..≈≈≈≈....#.o#
..♣♣..≈≈≈≈...##...
#.....≈≈≈≈...#.....
####..≈≈≈≈≈..#$.####


You could see an orc knight (extremely poisoned) and 2 orcs.

Vanquished Creatures
  Jeremiah (D:7)
  2 water moccasins (D:7)
  A sky beast (D:6)
  A black bear (D:6)
  2 orc warriors
  4 centaurs
  2 ogres
  A phantom (D:4)
  A gnoll sergeant (D:6)
  2 scorpions
  6 water moccasin zombies (Ossuary)
  A burial acolyte (Ossuary)
  2 bombardier beetles
  2 hounds
  2 iguanas
  3 orc wizards (D:5)
  2 crocodile zombies (Ossuary)
  A bullfrog simulacrum (Ossuary)
  2 mummies (Ossuary)
  8 adders
  5 gnolls (D:6)
  A white imp (D:7)
  2 ufetubi (D:6)
  4 adder zombies (Ossuary)
  3 dart slugs
  A ribbon worm (D:2)
  12 orcs
  3 ball pythons
  5 bats
  11 endoplasms
  2 giant cockroaches (D:3)
  10 gnoll zombies (Ossuary)
  12 goblins
  2 hobgoblins
  2 jackals (D:3)
  7 quokkas
  2 frilled lizards
  2 jackal zombies (Ossuary)
  2 kobolds
  4 orc zombies (Ossuary)
  4 rats
142 creatures vanquished.

Notes
Turn   | Place    | Note
-------+----------+-------------------------------------------
     0 | D:1      | Kazon the Octopode Gladiator began the quest for the Orb.
     0 | D:1      | Reached XP level 1. HP: 14/14 MP: 1/1
    64 | D:1      | Reached XP level 2. HP: 19/19 MP: 2/2
   766 | D:2      | Reached XP level 3. HP: 24/24 MP: 3/3
   782 | D:2      | Found Weaqack's Weapon Shop.
   791 | D:2      | Reached skill level 1 in Stealth
   990 | D:2      | Reached XP level 4. HP: 30/30 MP: 4/4
  1192 | D:3      | Found Hivuethe's Antique Weapon Shoppe.
  1203 | D:3      | Upgraded the game from 0.31.0-2-g5a2aebc5c2 to
                  | 0.31.0-4-g52a2dc7128
  1338 | D:3      | Noticed an ogre
  1353 | D:3      | Killed an ogre
  1354 | D:3      | Reached XP level 5. HP: 35/35 MP: 3/5
  1421 | D:3      | Found a shimmering altar of Xom.
  1422 | D:3      | Found a shimmering altar of Xom.
  1434 | D:3      | Found a shimmering altar of Xom.
  1541 | D:4      | Found a sacrificial altar of Ru.
  1719 | D:4      | Reached XP level 6. HP: 36/41 MP: 4/6
  1956 | D:5      | Entered Level 5 of the Dungeon
  1996 | D:5      | Reached skill level 1 in Shapeshifting
  1996 | D:5      | Reached XP level 7. HP: 38/46 MP: 7/7
  2008 | D:5      | Found a staircase to the Ecumenical Temple.
  2050 | D:5      | Reached skill level 5 in Stealth
  2113 | D:5      | Found a sand-covered staircase.
  2122 | Ossuary  | Entered an ossuary
  2282 | Ossuary  | Reached skill level 5 in Short Blades
  2318 | Ossuary  | Reached skill level 1 in Shields
  2323 | Ossuary  | Reached XP level 8. HP: 54/54 MP: 8/8
  2450 | Temple   | Entered the Ecumenical Temple
  2457 | Temple   | Became a worshipper of Warmaster Okawaru
  2853 | D:5      | Reached skill level 1 in Invocations
  2979 | D:6      | Reached * piety under Okawaru
  3193 | D:6      | Reached XP level 9. HP: 50/58 MP: 8/10
  3647 | D:7      | Noticed Jeremiah
  3775 | D:7      | Killed Jeremiah
  3776 | D:7      | Reached skill level 5 in Dodging
  3808 | D:7      | Reached ** piety under Okawaru
  3873 | D:7      | Found a flagged portal.
  3897 | Bailey   | Entered a bailey
  3979 | Bailey   | Found a large runed translucent door.
  3979 | Bailey   | Found a large runed translucent door.
  3980 | Bailey   | Noticed a deep elf pyromancer
  3993 | Bailey   | Noticed an orc knight
  4012 | Bailey   | Slain by an orc

Illustrated notes

Levels and vault maps discovered:
D:1:      lightli_arrival_noodles, layout_loops_ring, skrybe_limestone_x
D:2:      layout_rooms, serial_shops, shop
D:3:      layout_basic, xom_redecorated, serial_shops, nicolae_shop_stone
D:4:      layout_rooms, mainiacjoe_overflow_six_doors_small,
          minmay_misc_feat_five
D:5:      layout_loops_ring, temple_pool_b, mainiacjoe_ossuary_entry_dusty_tomb
D:6:      layout_loops_ring, dk_noncrumbling_3
D:7:      layout_loops_cross, enter_bailey_5, guppyfry_early_elven_hall,
          uniq_jeremiah
Temple:   hellmonk_temple_of_storms
Bailey:   bailey_polearm_elven_captive_hellmonk, bailey

Skill      XL: |  1  2  3  4  5  6  7  8  9 |
---------------+----------------------------+-----
Stealth        | 1 3 4 5 6 7 |  7.5
Short Blades   | 4 5 6 7 |  7.3
Fighting       | 3 4 |  4.6
Dodging        | 4 5 |  5.1
Throwing       | 3 4 |  4.5
Shapeshifting  | 1 2 3 |  3.1
Shields        | 1 2 |  2.7
Invocations    | 1 2 |  2.7

Action                     |  1- 3 |  4- 6 |  7- 9 || total
---------------------------+-------+-------+-------++-------
  Melee: Rapier            |     7 |       |    87 ||    94
         Constrict         |     9 |    13 |    38 ||    60
         Tentacles         |     6 |    16 |    47 ||    69
         Punch             |     1 |     1 |     5 ||     7
         Dagger            |    38 |    78 |    92 ||   208
  Throw: Stone             |     4 |     8 |    23 ||    35
         Dart              |       |     2 |     4 ||     6
         Javelin           |       |     1 |     1 ||     2
 Invoke: Heroism           |       |       |     3 ||     3
    Use: Scroll            |     1 |       |     3 ||     4
         Potion            |     1 |       |       ||     1
   Stab: Sleeping          |     8 |    12 |    20 ||    40
         Distracted        |       |     1 |       ||     1
 Armour: Skin              |     8 |    24 |    59 ||    91
  Dodge: Dodged            |    24 |    30 |    66 ||   120
  Block: Buckler           |       |       |    20 ||    20
